Map: Lightshade LE

Players

TwoChex

  • Race: Terran Terran
  • League: Silver

Throwfordays - Winner!

  • Race: Terran Terran
  • League: Gold

VOD

Have the link to the VOD?

Description

Time

  • Played on: Aug. 27, 2021, 10:22 p.m.
  • Length: 8:33
Show
View Real Time Build Order
Export as new Build Order

TwoChex Terran 

Build Orders:  

Get SALT Encoding   

  12  0:00  SCV  
  13  0:12  SCV  
  14  0:18  Supply Depot  
  14  0:24  SCV  
  15  0:40  SCV  
  16  0:43  Barracks  
  16  0:51  Refinery  
  16  0:52  SCV  
  17  1:04  SCV  
  18  1:16  SCV  
  19  1:28  SCV  
  20  1:40  SCV  
  20  1:41  Reaper  
  20  1:43  Command Center  
  22  1:53  Supply Depot  
  22  2:13  Marine  
  23  2:27  Factory  
  23  2:34  Barracks Reactor  
  21  2:57  Orbital Command  
  21  3:03  Refinery  
  21  3:10  Marine x2  
  23  3:16  Hellion  
  23  3:17  SCV  
  24  3:24  SCV  
  23  3:28  Marine  
  23  3:29  SCV  
  25  3:36  SCV  
  25  3:38  Hellion  
  27  3:41  SCV  
  26  3:48  SCV  
  26  3:51  Marine x2  
  26  3:53  SCV  
  29  3:59  Hellion  
  28  4:04  SCV  
  28  4:05  SCV  
  28  4:09  Marine  
  30  4:16  Marine, SCV  
  32  4:18  SCV  
  32  4:21  Widow Mine  
  35  4:28  SCV, Starport  
  35  4:30  SCV  
  37  4:40  SCV  
  37  4:42  Marine x2  
  35  4:53  SCV x2  
  35  5:04  Factory Reactor  
  35  5:05  SCV  
  33  5:10  Marine x2  
  32  5:24  Orbital Command  
  32  5:25  SCV  
  32  5:27  Marine  
  32  5:28  Marine  
  35  5:31  Bunker  
  35  5:37  SCV  
  35  5:42  Starport Reactor  
  36  5:45  Marine x2  
  36  5:49  SCV  
  39  6:01  SCV  
  39  6:03  Marine x2  
  40  6:13  SCV x2, Hellion x2  
  46  6:22  Supply Depot  
  46  6:24  Supply Depot  
  46  6:40  SCV x2, Medivac x2  
  48  6:47  Supply Depot  
  48  6:52  SCV x2  
  48  6:57  Bunker  
  48  7:00  Hellion x2  
  52  7:04  SCV x2  
  39  7:16  SCV x2  
  39  7:21  Widow Mine  
  36  7:25  Marine x2  
  36  7:28  SCV x2  
  37  7:40  SCV  
  37  7:42  Marine  
  37  7:43  Marine  
  37  7:53  SCV  
  35  8:00  Marine  
  35  8:05  SCV  
  32  8:17  SCV  
Show
View Real Time Build Order
Export as new Build Order

Throwfordays Terran - Winner!

Build Orders:  

Get SALT Encoding   

  12  0:00  SCV  
  13  0:15  Supply Depot  
  13  0:16  SCV  
  14  0:25  Refinery  
  14  0:39  Barracks  
  14  0:40  SCV  
  15  0:53  SCV  
  16  1:02  Barracks  
  16  1:05  SCV  
  17  1:25  Reaper  
  17  1:26  Supply Depot, SCV  
  19  1:37  Refinery  
  19  1:38  SCV  
  20  1:50  Reaper, SCV  
  22  2:02  SCV  
  23  2:08  Reaper  
  23  2:14  Barracks  
  24  2:16  SCV  
  24  2:19  Supply Depot  
  24  2:39  Reaper  
  25  2:52  Reaper  
  26  3:01  Engineering Bay  
  26  3:02  SCV  
  26  3:03  Reaper  
  28  3:14  SCV  
  28  3:19  Reaper  
  30  3:35  Reaper  
  31  3:46  Reaper  
  30  4:07  Reaper  
  30  4:08  Reaper  
  31  4:12  Terran Infantry Weapons Level 1  
  31  4:18  Barracks Reactor  
  31  4:23  SCV  
  32  4:27  Refinery  
  32  4:34  Refinery  
  32  4:35  SCV  
  33  4:58  Reaper x4  
  30  5:30  Reaper x2  
  30  5:32  Barracks Reactor  
  30  5:33  Reaper  
  30  5:34  Command Center  
  33  5:52  SCV  
  34  6:09  Reaper  
  34  6:10  Reaper x4  
  39  6:24  Supply Depot  
  39  6:26  Supply Depot, SCV  
  39  6:38  SCV  
  38  6:51  Reaper  
  38  6:52  Reaper x4  
  43  7:23  Reaper  
  43  7:24  Reaper x4  
  48  7:35  Orbital Command x2  
Tags
 
Matchup
TvT
Race
Terran
Replay Pack
Multiplayer
Add a new tag
Caveats
  • Supply blocks, unpowered buildings, or Contaminate may cause inaccurate times.
  • Supply counts are checked every 10 seconds.